 Dungeon Crawl Stone Soup version 0.21.1-1-g345015f (webtiles) character file.

107 letownia2 the Covered (level 4, 15/34 HPs)
             Began as a Demonspawn Gladiator on July 15, 2018.
             Quit the game on level 3 of the Dungeon.
             The game lasted 00:01:31 (333 turns).

letownia2 the Covered (Demonspawn Gladiator)         Turns: 333, Time: 00:01:33

Health: 15/34      AC:  6    Str: 16    XL:     4   Next: 57%
Magic:  4/4        EV: 12    Int:  9    God:
Gold:   24         SH:  0    Dex: 14    Spells: 3/3 levels left

rFire    . . .     SeeInvis .   a - +2 dagger (speed)
rCold    + . .     Gourm    .   (no shield)
rNeg     . . .     Faith    .   l - +0 ring mail
rPois    .         Spirit   .   b - +0 helmet
rElec    .         Reflect  .   (no cloak)
rCorr    .         Harm     .   (no gloves)
MR       .....                  (no boots)
Stlth    +.........             (no amulet)
HPRegen  0.11/turn              (no ring)
MPRegen  0.09/turn              (no ring)

@: no status effects
A: cold resistance 1, rot immunity
a: no special abilities


You were on level 3 of the Dungeon.
You were not hungry.

You visited 1 branch of the dungeon, and saw 3 of its levels.

You collected 24 gold pieces.

Inventory:

Hand Weapons
 a - a +2 dagger of speed (weapon)
Armour
 b - a +0 helmet (worn)
 f - a +0 leather armour
 l - a +0 ring mail (worn)
Scrolls
 e - a scroll of teleportation {unknown}
 g - a scroll of remove curse {unknown}
 h - a scroll of fear {unknown}
 j - a scroll of identify {unknown}
 k - a scroll of magic mapping {unknown}
Potions
 i - a potion of magic {unknown}
Comestibles
 d - 4 rations


   Skills:
 - Level 2.7 Fighting
 - Level 1.7 Throwing
 + Level 3.2 Armour
 - Level 2.6 Dodging
 - Level 3.0 Unarmed Combat


You had 3 spell levels left.
You didn't know any spells.

Dungeon Overview and Level Annotations

Branches:
Dungeon (3/15)

Altars:


Innate Abilities, Weirdness & Mutations

Your flesh is cold resistant. (rC+)
You are immune to rotting.


Message History

The ice beast is severely wounded.
You hit the ice beast.
The ice beast is severely wounded.
The ice beast struggles against the net.
The net rips apart, and the ice beast comes free!
You closely miss the ice beast.
The ice beast is severely wounded.
The ice beast hits you. The ice beast freezes you. You resist.
You hit the ice beast.
The ice beast is almost dead.
You hit the ice beast.
You kill the ice beast!
Your Armour skill gained 3 levels and is now at level 3!
You have reached level 3!
Your experience leads to an increase in your attributes!
Increase (S)trength, (I)ntelligence, or (D)exterity?
You feel stronger.
Your demonic ancestry asserts itself...
You feel immune to rotting.
You have reached level 4!
You feel stronger.
Are you sure you want to abandon this character and quit the game? (Confirm with "yes".)

#...............# #####..
#........(......# #......
#...............####......
##....†.............o.o...
##....<......######......
#######o##### #....o. #.#
#...... #S# ........ #@#
#.#..)... #.# #..#...<..
#.. #.. ##....P ##.# #.
#...## .# .. ....# .# .#
..


You could see an adder and an orc.

Vanquished Creatures
  An ice beast (D:3)
  An ooze (D:3)
  A ball python (D:2)
  3 bats (D:1)
  2 goblins
  A hobgoblin (D:1)
  A kobold (D:1)
  2 rats
12 creatures vanquished.

Notes
Turn   | Place    | Note
-------+----------+-------------------------------------------
     0 | D:1      | letownia2 the Demonspawn Gladiator began the quest for the Orb.
     0 | D:1      | Reached XP level 1. HP: 16/16 MP: 1/1
   233 | D:2      | Gained mutation: Your flesh is cold resistant. (rC+) [demonic ancestry]
   233 | D:2      | Reached XP level 2. HP: 11/23 MP: 2/2
   297 | D:3      | Noticed an ice beast
   332 | D:3      | Killed an ice beast
   332 | D:3      | Gained mutation: You are immune to rotting. [demonic ancestry]
   332 | D:3      | Reached XP level 3. HP: 12/28 MP: 3/3
   332 | D:3      | Reached XP level 4. HP: 14/34 MP: 4/4
   333 | D:3      | Quit the game

Skill      XL: |  1  2 |
---------------+-------+-----
Unarmed Combat | 3 |  3.0
Armour         | 3 |  3.2
Fighting       | |  2.7
Throwing       | |  1.7
Dodging        | |  2.6

Action                   |  1- 3 |  4- 6 || total
-------------------------+-------+-------++-------
Melee: Dagger            |    50 |       ||    50
       Unarmed           |    18 |       ||    18
       Punch             |     3 |       ||     3
Throw: Throwing net      |     3 |       ||     3
 Stab: Held in net/web   |     1 |       ||     1
Armor: Leather armour    |    16 |       ||    16
       Ring mail         |     1 |       ||     1
Dodge: Dodged            |    38 |       ||    38
